[Event "Titled Tuesday Blitz August 31 2021"]
[White "Abdurakhmonov, Mukhammadali"]
[Black "Martins, Igor Carvalho Ribeiro"]
[WhiteFideId "14207346"]
[BlackFideId "2162962"]
[WhiteElo "2266"]
[BlackElo "2432"]
[Result "1/2-1/2"]
[Round "01"]
[TimeControl "180+1"]
[Date "2021.08.31"]
[WhiteClock "0:00:07"]
[BlackClock "0:00:29"]

1. e4 c5 2. Nc3 d6 3. Nf3 Nf6 4. e5 dxe5 5. Nxe5 Nbd7 6. d4 cxd4 7. Qxd4 e6 8. Bb5 a6 9. Bxd7+ Nxd7 10. Bf4 Nxe5 11. Qxd8+ Kxd8 12. Bxe5 f6 13. O-O-O Ke8 14. Bd6 Bd7 15. Rhe1 Bxd6 16. Rxd6 Ke7 17. Rd2 Rad8 18. f4 Bc6 19. Rde2 Rd6 20. a4 Rhd8 21. a5 Kf7 22. g3 h5 23. Ne4 Bxe4 24. Rxe4 Rc8 25. R1e3 Rc5 26. b4 Rcd5 27. Rc3 Rd1+ 28. Kb2 Rd7 29. Rec4 R1d2 30. h4 Ke7 31. Rc8 R2d4 32. Kb3 R4d5 33. Rb8 e5 34. fxe5 Rxe5 35. Rg8 Kf7 36. Rgc8 Kg6 37. R8c7 Ree7 38. Rxd7 Rxd7 39. Rc5 Kh6 40. b5 axb5 41. Kb4 g5 42. Kxb5 Kg6 43. Kb6 gxh4 44. gxh4 f5 45. Rc4 Kf6 46. Rb4 Ke5 47. c4 f4 48. Rb5+ Ke4 49. Rxh5 f3 50. Rh6 Rf7 51. Re6+ Kd4 52. Re1 Kxc4 53. h5 Kd3 54. h6 f2 55. Rh1 Ke2 56. h7 Rxh7 57. Rxh7 f1=Q 58. Rxb7 Qb1+ 59. Ka7 Qf5 60. a6 Qc5+ 61. Ka8 Qc8+ 62. Ka7 Kd3 63. Kb6 Qd8+ 64. Kb5 Qd5+ 65. Kb6 Qd4+ 66. Kb5 Qc4+ 67. Kb6 Qb4+ 68. Kc6 Qc4+ 69. Kb6 Kd4 70. Rd7+ Ke5 71. a7 Qb4+ 72. Kc6 Qa4+ 73. Kb6 Qxd7 74. a8=Q Qd6+ 75. Qc6 Qxc6+ 76. Kxc6 1/2-1/2


[Site "https://www.chess.com"]

[Event "Titled Tuesday Blitz August 31 2021"]
[White "Abdusattorov, Nodirbek"]
[Black "Atanasov, Anthony"]
[WhiteFideId "14204118"]
[BlackFideId "2623897"]
[WhiteElo "2662"]
[BlackElo "1889"]
[Result "1-0"]
[Round "01"]
[TimeControl "180+1"]
[Date "2021.08.31"]
[WhiteClock "0:01:23"]
[BlackClock "0:00:17"]

1. e4 c5 2. Nf3 d6 3. d4 cxd4 4. Nxd4 Nf6 5. Nc3 a6 6. Be3 e6 7. g4 h6 8. Rg1 Nbd7 9. h4 g6 10. f4 h5 11. g5 Ng4 12. Qd2 Bg7 13. O-O-O b5 14. f5 b4 15. Na4 Qa5 16. fxe6 Qxa4 17. exd7+ Bxd7 18. Bc4 Be6 19. Nxe6 Bxb2+ 20. Kxb2 Qa3+ 21. Kb1 Nxe3 22. Qxd6 Qb2+ 23. Kxb2 Nxc4+ 24. Kb3 Nxd6 25. Nc7+ Ke7 26. Nxa8 Rxa8 27. Rd5 a5 28. Rgd1 Ra6 29. Ka4 Ke6 30. Rxd6+ Rxd6 31. Rxd6+ Kxd6 32. Kxa5 Kc5 33. e5 Kc4 34. Ka4 Kd5 35. Kxb4 Kxe5 36. a4 f5 37. gxf6 Kxf6 38. a5 g5 39. hxg5+ Kxg5 40. a6 Kg4 41. a7 h4 42. a8=Q Kg3 43. c4 h3 44. c5 h2 45. Qh1 1-0


[Site "https://www.chess.com"]

[Event "Titled Tuesday Blitz August 31 2021"]
[White "Bacrot, Etienne"]
[Black "Gubanov, Oleg"]
[WhiteFideId "605506"]
[BlackFideId "14115115"]
[WhiteElo "2673"]
[BlackElo "2138"]
[Result "1-0"]
[Round "01"]
[TimeControl "180+1"]
[Date "2021.08.31"]
[WhiteClock "0:00:14"]
[BlackClock "0:00:01"]

1. e4 Nf6 2. Nc3 d5 3. exd5 Nxd5 4. Nf3 Nxc3 5. bxc3 e6 6. h4 b6 7. h5 h6 8. d4 Bb7 9. Bb5+ c6 10. Bd3 Nd7 11. Bf4 Nf6 12. Qe2 Bd6 13. Ne5 Nd5 14. Bd2 Qc7 15. Rb1 Bxe5 16. dxe5 c5 17. a4 Ne7 18. Rh3 Rc8 19. Rh4 Nf5 20. Rg4 Kf8 21. a5 Bd5 22. axb6 axb6 23. Rf4 c4 24. Bxf5 exf5 25. Rxf5 Be6 26. Rf4 Rd8 27. Rd4 Ke7 28. Be3 Rxd4 29. Bxd4 Rb8 30. g4 b5 31. f4 Qc6 32. Kf2 Bd5 33. Kg3 Be4 34. Re1 Bd5 35. f5 Kf8 36. Qe3 Kg8 37. e6 Re8 38. Qe5 f6 39. Qe3 1-0


[Site "https://www.chess.com"]

[Event "Titled Tuesday Blitz August 31 2021"]
[White "Bailey, Ben"]
[Black "Mirzoev, Azer"]
[WhiteFideId "2021293"]
[BlackFideId "13400304"]
[WhiteElo "2370"]
[BlackElo "2525"]
[Result "0-1"]
[Round "01"]
[TimeControl "180+1"]
[Date "2021.08.31"]
[WhiteClock "0:00:10"]
[BlackClock "0:01:22"]

1. d4 d5 2. c4 e6 3. Nc3 Nf6 4. Nf3 Be7 5. Bg5 h6 6. Bxf6 Bxf6 7. e3 O-O 8. Qc2 c5 9. O-O-O cxd4 10. exd4 Nc6 11. c5 b6 12. cxb6 Qxb6 13. Na4 Qc7 14. Kb1 Bd7 15. Nc5 Rfc8 16. Na6 Qb6 17. Nc5 Be8 18. Na4 Qa5 19. Nc3 Rab8 20. Ka1 Nb4 21. Qb1 Ba4 22. Rc1 Bb3 23. a3 Nc6 24. Be2 Nxd4 25. Nxd4 Bxd4 26. Qd3 Bf6 27. Nb1 Bxb2+ 28. Kxb2 Bc4+ 0-1


[Site "https://www.chess.com"]

[Event "Titled Tuesday Blitz August 31 2021"]
[White "Begunov, Konstantin"]
[Black "Tang, Andrew"]
[WhiteFideId "4118510"]
[BlackFideId "2059630"]
[WhiteElo "2262"]
[BlackElo "2588"]
[Result "0-1"]
[Round "01"]
[TimeControl "180+1"]
[Date "2021.08.31"]
[WhiteClock "0:00:02"]
[BlackClock "0:00:21"]

1. d4 Nf6 2. c4 e6 3. Nf3 c5 4. Nc3 cxd4 5. Nxd4 Nc6 6. g3 Bc5 7. Nc2 O-O 8. Bg2 d6 9. O-O a6 10. Bf4 h6 11. Qd2 Qe7 12. Rfd1 Rd8 13. Rab1 e5 14. Be3 Bf5 15. Rbc1 Rac8 16. Na4 Ne4 17. Qe1 Qe6 18. Bxc5 dxc5 19. Nb6 Rb8 20. Ne3 Bg6 21. Ned5 Nd6 22. b3 Bh5 23. Rd2 Nd4 24. Rc3 Bg4 25. f3 Bh3 26. Bxh3 Qxh3 27. Qf1 Qh5 28. Kg2 N6f5 29. Rcd3 Qg5 30. Qf2 h5 31. Kh1 Rd6 32. e3 Ne6 33. h4 Qd8 34. g4 hxg4 35. fxg4 Nxh4 36. Ne7+ Qxe7 37. Rxd6 Qg5 38. Rd7 Rf8 39. Qg3 Nf5 40. Qh3 Nh6 41. Nd5 Re8 0-1


[Site "https://www.chess.com"]

[Event "Titled Tuesday Blitz August 31 2021"]
[White "Bernadskiy, Vitaliy"]
[Black "Serikbay, Assel"]
[WhiteFideId "14100371"]
[BlackFideId "13706799"]
[WhiteElo "2510"]
[BlackElo "2044"]
[Result "1-0"]
[Round "01"]
[TimeControl "180+1"]
[Date "2021.08.31"]
[WhiteClock "0:01:12"]
[BlackClock "0:00:11"]

1. e4 c5 2. Nf3 Nc6 3. Nc3 e6 4. d4 cxd4 5. Nxd4 Nf6 6. Be2 Bb4 7. O-O d5 8. exd5 exd5 9. Bb5 Bd7 10. Re1+ Be7 11. Bxc6 bxc6 12. Qe2 Kf8 13. Bg5 h6 14. Bh4 c5 15. Nb3 d4 16. Bxf6 Bxf6 17. Ne4 Bc6 18. Nbxc5 Be7 19. Nd3 g6 20. Ne5 Bb7 21. Qf3 f5 22. Nxg6+ Kg7 23. Qxf5 Re8 24. Nf4 Bg5 25. Nxg5 Qxg5 26. Qxg5+ hxg5 27. Ne6+ Kf6 28. Nxd4 Red8 29. c3 Rac8 30. Re6+ Kf7 31. Rae1 Rc7 32. Rh6 Kg7 33. Rhe6 Bd5 34. R6e5 Re7 35. Rxe7+ 1-0


[Site "https://www.chess.com"]

[Event "Titled Tuesday Blitz August 31 2021"]
[White "Bok, Benjamin"]
[Black "Rozhkov, Viacheslav"]
[WhiteFideId "1017063"]
[BlackFideId "4181484"]
[WhiteElo "2658"]
[BlackElo "2324"]
[Result "1-0"]
[Round "01"]
[TimeControl "180+1"]
[Date "2021.08.31"]
[WhiteClock "0:00:47"]
[BlackClock "0:00:07"]

1. d4 d5 2. c4 dxc4 3. Nf3 Nf6 4. e3 Bg4 5. Bxc4 e6 6. Qb3 b6 7. Ne5 Bf5 8. Qa4+ c6 9. Nxc6 Nxc6 10. Qxc6+ Nd7 11. Nc3 Bb4 12. Qa4 Bxc3+ 13. bxc3 O-O 14. Ba3 Re8 15. O-O a6 16. Be2 b5 17. Qb3 Nb6 18. Bb4 Qc8 19. Rfc1 Nc4 20. a4 Qc6 21. axb5 axb5 22. Bc5 Rxa1 23. Rxa1 Be4 24. f3 Nxe3 25. fxe4 Qxe4 26. Bf3 1-0


[Site "https://www.chess.com"]

[Event "Titled Tuesday Blitz August 31 2021"]
[White "Brunello, Marina"]
[Black "Ivanchuk, Vasyl"]
[WhiteFideId "822590"]
[BlackFideId "14100010"]
[WhiteElo "2328"]
[BlackElo "2710"]
[Result "0-1"]
[Round "01"]
[TimeControl "180+1"]
[Date "2021.08.31"]
[WhiteClock "0:01:02"]
[BlackClock "0:01:02"]

1. e4 e5 2. Nf3 Nc6 3. Bc4 Nf6 4. d3 h6 5. O-O d6 6. Re1 Na5 7. Nc3 Be7 8. Bd5 O-O 9. b4 Nc6 10. b5 Nd4 11. Nxd4 exd4 12. Ne2 Nxd5 13. exd5 Bd7 14. Nxd4 Bf6 15. Bb2 Bxd4 16. Bxd4 Bxb5 17. Qg4 Qg5 18. Qxg5 hxg5 19. c4 Ba4 20. Re7 Rac8 21. Rae1 b6 22. f3 Rfe8 23. Kf2 Kf8 24. Rxe8+ Bxe8 25. Kg3 Bd7 26. h4 gxh4+ 27. Kxh4 f6 28. g4 Kf7 29. Kg3 Ba4 30. Re2 Rh8 31. Kf4 Rh1 32. g5 fxg5+ 33. Kxg5 Rd1 34. Re4 Rxd3 35. Rf4+ Kg8 36. Kg4 Bd7+ 37. Kg3 g5 38. Re4 Bf5 0-1


[Site "https://www.chess.com"]

[Event "Titled Tuesday Blitz August 31 2021"]
[White "Brunner, Nicolas"]
[Black "Tanenbaum, Zachary"]
[WhiteFideId "620246"]
[BlackFideId "2060850"]
[WhiteElo "2372"]
[BlackElo "2165"]
[Result "0-1"]
[Round "01"]
[TimeControl "180+1"]
[Date "2021.08.31"]
[WhiteClock "0:02:13"]
[BlackClock "0:02:22"]

1. d4 d5 2. c4 dxc4 3. e4 c5 4. d5 e6 5. Bxc4 Nf6 6. Nc3 exd5 7. exd5 a6 8. a4 Bd6 9. Nf3 O-O 10. O-O Bg4 11. h3 Bh5 12. Re1 Re8 13. Rxe8+ Qxe8 14. Bg5 Nbd7 15. g4 Bg6 16. Kg2 h6 17. Be3 Ne5 18. Nxe5 Qxe5 19. Qf3 Ne4 20. Bd3 Qh2+ 21. Kf1 Ng3+ 22. fxg3 Bxd3+ 23. Ke1 Bxg3+ 24. Kd1 Qc2# 0-1


[Site "https://www.chess.com"]

[Event "Titled Tuesday Blitz August 31 2021"]
[White "Buscar, Michael"]
[Black "Leitao, Rafael"]
[WhiteFideId "2603616"]
[BlackFideId "2101246"]
[WhiteElo "2010"]
[BlackElo "2609"]
[Result "1-0"]
[Round "01"]
[TimeControl "180+1"]
[Date "2021.08.31"]
[WhiteClock "0:00:19"]
[BlackClock "0:01:10"]

1. d4 Nf6 2. c4 e6 3. Nf3 Bb4+ 4. Bd2 c5 5. g3 Qb6 6. dxc5 Bxc5 7. e3 Qxb2 8. Nc3 Qb6 9. Na4 Qc7 10. Nxc5 Qxc5 11. Bg2 Nc6 12. O-O O-O 13. Qc2 d5 14. Rfc1 dxc4 15. Qxc4 Qxc4 16. Rxc4 Bd7 17. Rb1 Rab8 18. Bc3 Rfc8 19. Rd1 b5 20. Rc5 Ne4 21. Bd4 Nxc5 22. Bxc5 Be8 23. Bd6 Rd8 24. Ng5 Rbc8 25. Ne4 Na5 26. Bf1 Nc4 27. Rd4 1-0


[Site "https://www.chess.com"]

[Event "Titled Tuesday Blitz August 31 2021"]
[White "Chen, Max"]
[Black "Maghsoodloo, Parham"]
[WhiteFideId "2622440"]
[BlackFideId "12539929"]
[WhiteElo "2456"]
[BlackElo "2601"]
[Result "0-1"]
[Round "01"]
[TimeControl "180+1"]
[Date "2021.08.31"]
[WhiteClock "0:00:45"]
[BlackClock "0:00:58"]

1. e4 c5 2. c3 d5 3. exd5 Qxd5 4. d4 g6 5. Nf3 Nc6 6. Na3 cxd4 7. Bc4 Qe4+ 8. Be3 Bh6 9. Nb5 dxe3 10. Bd5 exf2+ 11. Kxf2 Qe3+ 12. Kf1 Nf6 13. Nc7+ Kf8 14. Nxa8 Bf5 15. Bc4 Ng4 16. Qe2 Qc5 17. Bd3 Bxd3 0-1


[Site "https://www.chess.com"]

[Event "Titled Tuesday Blitz August 31 2021"]
[White "Chernomordik, Pavel"]
[Black "Rustemov, Alexander"]
[WhiteFideId "2804530"]
[BlackFideId "4119002"]
[WhiteElo "2256"]
[BlackElo "2770"]
[Result "0-1"]
[Round "01"]
[TimeControl "180+1"]
[Date "2021.08.31"]
[WhiteClock "0:00:41"]
[BlackClock "0:00:26"]

1. e4 e6 2. Nc3 d5 3. d4 Bb4 4. Ne2 dxe4 5. a3 Bxc3+ 6. Nxc3 Nc6 7. Be3 f5 8. f3 exf3 9. Qxf3 Nf6 10. O-O-O O-O 11. Bc4 Kh8 12. Qg3 Qe7 13. Bg5 h6 14. Be3 a6 15. Rhe1 Qf7 16. d5 exd5 17. Nxd5 Be6 18. Nxf6 Bxc4 19. Nh5 Qxh5 20. Rd7 Rf7 21. Qxc7 Rxd7 22. Qxd7 Qf7 23. Qd6 Re8 24. Bf2 Rxe1+ 25. Bxe1 Qe6 26. Qf8+ Kh7 27. Bc3 Qf7 28. Qd6 f4 29. Bd2 Bd5 30. Bxf4 Bxg2 31. b3 Be4 32. Qd2 Qf6 33. Kb1 Qd4 34. Qc1 Qc3 35. Qb2 Qxb2+ 36. Kxb2 g5 37. Be3 Kg6 38. c4 Kf5 39. b4 h5 40. b5 axb5 41. cxb5 Ne5 42. Kc3 Nf3 43. h3 h4 44. a4 Ke5 45. a5 Kd6 46. a6 bxa6 47. bxa6 Kc7 48. a7 Kb7 49. Bc5 Bf5 50. Kc4 Bxh3 51. Kd5 Bf5 52. Bf2 g4 53. Bxh4 Nxh4 54. Ke5 0-1


[Site "https://www.chess.com"]

[Event "Titled Tuesday Blitz August 31 2021"]
[White "Costachi, Mihnea"]
[Black "Dudzinski, Pawel"]
[WhiteFideId "1217518"]
[BlackFideId "1117890"]
[WhiteElo "2482"]
[BlackElo "2193"]
[Result "1-0"]
[Round "01"]
[TimeControl "180+1"]
[Date "2021.08.31"]
[WhiteClock "0:01:46"]
[BlackClock "0:00:03"]

1. e4 c6 2. d4 d5 3. exd5 cxd5 4. Nf3 Nf6 5. Be2 g6 6. O-O Bg7 7. c3 O-O 8. Bf4 Nc6 9. h3 Bf5 10. Nbd2 Ne4 11. Nxe4 Bxe4 12. Qb3 Na5 13. Qb4 b6 14. Nd2 Bf5 15. Bf3 Nc6 16. Qb5 e5 17. Qxc6 exf4 18. Qxd5 Qxd5 19. Bxd5 Rad8 20. Be4 Be6 21. Rfe1 g5 22. a4 a5 23. Bd3 Rfe8 24. Bb5 Re7 25. Nf3 h6 26. c4 Rc7 27. d5 Bf5 28. Ra2 Bd3 29. b3 Bc3 30. Re8+ Rxe8 31. Bxe8 Re7 32. Bb5 f5 33. d6 Re6 34. d7 Rd6 35. g3 fxg3 36. fxg3 g4 37. hxg4 fxg4 38. Nh4 Bd4+ 39. Kh2 Bf6 40. Rf2 Bxh4 41. gxh4 h5 42. Kg3 Bg6 43. Rf6 Rd3+ 44. Kf4 Kg7 45. Kg5 Bf7 46. Rf1 g3 47. Kf4 Be6 48. Ke4 Rd2 49. Rg1 g2 50. Ke3 1-0


[Site "https://www.chess.com"]

[Event "Titled Tuesday Blitz August 31 2021"]
[White "DKSystem2"]
[Black "Ider, Borya"]
[BlackFideId "4901134"]
[WhiteElo "2389"]
[BlackElo "2512"]
[Result "0-1"]
[Round "01"]
[TimeControl "180+1"]
[Date "2021.08.31"]
[WhiteClock "0:00:02"]
[BlackClock "0:00:34"]

1. e4 e6 2. Nf3 d5 3. e5 c5 4. b4 cxb4 5. d4 Nc6 6. a3 bxa3 7. c3 f6 8. Bd3 Nh6 9. O-O Nf7 10. Re1 f5 11. Nxa3 g5 12. h4 g4 13. Ng5 Be7 14. Nb5 Nxg5 15. hxg5 Bxg5 16. Nd6+ Kf8 17. f3 h5 18. fxg4 hxg4 19. Kf1 Bh4 20. Ke2 Bxe1 21. Qxe1 Qh4 22. Qf1 Rh5 23. Ba3 Kg7 24. Ne8+ Kg6 25. Qf4 Qh2 26. Qxg4+ Rg5 27. Qf3 Rxg2+ 28. Ke3 Rg3 29. Rf1 Rxf3+ 30. Rxf3 Bd7 31. Nf6 Nxe5 32. dxe5 Qxe5+ 0-1


[Site "https://www.chess.com"]

[Event "Titled Tuesday Blitz August 31 2021"]
[White "Devaev, Alexander"]
[Black "Wagner, Dennis"]
[WhiteFideId "4169395"]
[BlackFideId "24650684"]
[WhiteElo "2185"]
[BlackElo "2355"]
[Result "0-1"]
[Round "01"]
[TimeControl "180+1"]
[Date "2021.08.31"]
[WhiteClock "0:00:08"]
[BlackClock "0:00:08"]

1. d4 d5 2. c4 c6 3. cxd5 cxd5 4. Nc3 Nf6 5. Bf4 Nc6 6. e3 Bf5 7. Bb5 e6 8. Nf3 Bd6 9. O-O Bxf4 10. exf4 O-O 11. Bxc6 bxc6 12. Ne5 Qd6 13. Na4 Ne4 14. f3 Nf6 15. Rc1 Rfc8 16. Qd2 h6 17. Rc5 Nd7 18. Nxd7 Qxd7 19. Rfc1 Rab8 20. b4 Qe7 21. a3 Qd6 22. g3 Rc7 23. Kf2 Rbc8 24. Qe3 Qe7 25. R1c3 g5 26. g4 Bg6 27. Rc1 Qf6 28. fxg5 hxg5 29. Re1 Kg7 30. Qe5 Bd3 31. Rc3 Bb5 32. Nc5 Qxe5 33. Rxe5 Kf6 34. Kg3 Rh8 35. Kg2 Rh7 36. Rc2 Rc8 37. Re1 Rch8 38. Kg1 Rh3 39. Rf2 Ra8 40. a4 Bc4 41. a5 Kg6 42. Nd7 Kg7 43. Ne5 Bb5 44. Rc1 Rc8 45. Kg2 Rch8 46. Kg1 a6 47. Rc3 Rc8 48. Kg2 Rhh8 49. Rfc2 Rc7 50. h3 f6 51. Nd3 Kf7 52. Nc5 e5 53. Rd2 Re7 54. Re3 exd4 55. Rxe7+ Kxe7 56. Rxd4 Kd6 57. Rd2 Re8 58. Kg3 Re1 59. h4 gxh4+ 60. Kxh4 Rb1 61. Kh5 Rxb4 62. Kg6 Rf4 63. Nb7+ Kc7 64. Nc5 Rxf3 65. Ne6+ Kd6 66. Nd4 Rf4 67. Nf5+ Kd7 68. Kxf6 Rxg4 69. Rh2 Rg8 70. Rh7+ Kd8 71. Nd6 c5 72. Nb7+ Kc8 73. Nxc5 d4 74. Rh2 d3 75. Ke5 Rd8 76. Ne6 d2 77. Nxd8 d1=Q 78. Ne6 Qe1+ 79. Kf5 Qxa5 80. Rh8+ Kd7 81. Rh7+ Kd6 82. Kf6 Qc3+ 83. Kf7 Bc4 84. Rh6 Qf3+ 85. Rf6 Bxe6+ 0-1


[Site "https://www.chess.com"]

[Event "Titled Tuesday Blitz August 31 2021"]
[White "Di Nicolantonio, Lucas"]
[Black "Bortnyk, Olexandr"]
[WhiteFideId "680460"]
[BlackFideId "14120828"]
[WhiteElo "2381"]
[BlackElo "2723"]
[Result "0-1"]
[Round "01"]
[TimeControl "180+1"]
[Date "2021.08.31"]
[WhiteClock "0:00:06"]
[BlackClock "0:00:22"]

1. e4 Nf6 2. Nc3 d5 3. exd5 Nxd5 4. Bc4 Nb6 5. Bb3 c5 6. d3 Nc6 7. Qf3 e6 8. Nge2 Be7 9. Qg3 O-O 10. Bh6 Bf6 11. O-O-O Kh8 12. Bf4 a5 13. Bc7 Qe7 14. Bxb6 Be5 15. f4 Bd6 16. Na4 Bd7 17. Qf2 Nb4 18. Nxc5 a4 19. Bc4 a3 20. Kb1 axb2 21. Nxd7 Qxd7 22. Nc3 Ra3 23. Bd4 Rfa8 24. Bb3 Qc6 25. Kxb2 f6 26. Rhe1 Qa6 27. Rxe6 Nxa2 28. Nxa2 Rxa2+ 29. Kc1 Qa3+ 30. Kd2 Qxb3 31. Rxd6 Rxc2+ 32. Ke1 Rxf2 33. Rb6 Rf1+ 34. Kxf1 Qxd1+ 35. Kf2 Qxd3 0-1


[Site "https://www.chess.com"]

[Event "Titled Tuesday Blitz August 31 2021"]
[White "Dobrov, Vladimir"]
[Black "Terzi, Alexei"]
[WhiteFideId "4136594"]
[BlackFideId "13505076"]
[WhiteElo "2614"]
[BlackElo "2031"]
[Result "1-0"]
[Round "01"]
[TimeControl "180+1"]
[Date "2021.08.31"]
[WhiteClock "0:00:16"]
[BlackClock "0:00:06"]

1. d4 Nf6 2. c4 c5 3. d5 b5 4. cxb5 a6 5. b6 d6 6. Nc3 Nbd7 7. e4 Nxb6 8. a4 g6 9. h3 Bg7 10. Nf3 O-O 11. a5 Nbd7 12. Nd2 Ne8 13. h4 h5 14. Nc4 Nc7 15. Bg5 Qe8 16. Be2 Nb5 17. Qd2 Nd4 18. Bd1 Rb8 19. Ra3 Ne5 20. Nxe5 Bxe5 21. Bh6 Bg7 22. Bxg7 Kxg7 23. O-O e5 24. dxe6 Bxe6 25. f4 Bc4 26. Re1 Qd8 27. Qf2 Rb4 28. e5 dxe5 29. Rxe5 Ne6 30. f5 Qd4 31. Qxd4 Nxd4 32. Rxc5 Bd3 33. Nd5 Rb5 34. f6+ Kh7 35. Rxb5 Bxb5 36. Rc3 Nc6 37. Rc5 Nxa5 38. Nc3 Nc4 39. Nxb5 axb5 40. Rxb5 Ne3 41. Be2 Nf5 42. Rb4 Re8 43. Kf2 Re6 44. Bf3 Rxf6 45. Rf4 Rd6 46. b4 Nd4 47. Rxf7+ Kg8 48. Rb7 Ne6 49. Rb8+ Kg7 50. Rb7+ Kf6 51. b5 Nd4 52. b6 Nxf3 53. gxf3 Rd2+ 54. Kg3 Rb2 55. Rb8 Kf7 56. Kf4 Kg7 57. Ke5 Rb5+ 58. Kd6 Rb3 59. Kc6 Rxf3 60. Rd8 Rc3+ 61. Kd7 Rd3+ 62. Kc7 Rc3+ 63. Kb8 Rc4 64. b7 Rxh4 65. Kc7 Rc4+ 66. Kd6 Rd4+ 67. Ke7 Re4+ 68. Kd7 Rd4+ 69. Kc7 Rc4+ 70. Kb6 Rb4+ 71. Kc6 Rxb7 72. Kxb7 g5 73. Kc6 Kf6 74. Kd5 Kf5 75. Rf8+ Kg4 76. Ke4 Kg3 77. Rf5 Kg4 78. Rf1 h4 79. Rg1+ Kh3 80. Kf3 Kh2 81. Rxg5 h3 82. Rh5 Kh1 83. Rxh3+ Kg1 84. Rh4 Kf1 85. Rh1# 1-0


[Site "https://www.chess.com"]

[Event "Titled Tuesday Blitz August 31 2021"]
[White "Dolzhykova, Kateryna"]
[Black "Pulpan, Jakub"]
[WhiteFideId "14113414"]
[BlackFideId "302759"]
[WhiteElo "2180"]
[BlackElo "2443"]
[Result "0-1"]
[Round "01"]
[TimeControl "180+1"]
[Date "2021.08.31"]
[WhiteClock "0:00:02"]
[BlackClock "0:00:54"]

1. e4 Nf6 2. Nc3 c6 3. e5 Nd5 4. Nxd5 cxd5 5. d4 d6 6. exd6 Qxd6 7. c3 g6 8. Nf3 Bg7 9. h3 O-O 10. Bd3 Bf5 11. Bxf5 gxf5 12. O-O Nc6 13. Qd2 Kh8 14. Qf4 Qxf4 15. Bxf4 b5 16. a3 a5 17. Rac1 e6 18. Kh2 Rfc8 19. Bd6 Kg8 20. Rg1 Bf8 21. Bxf8 Kxf8 22. g4 fxg4 23. Rxg4 Ke7 24. Rh4 Rh8 25. Rg1 b4 26. axb4 axb4 27. cxb4 Nxb4 28. Rg7 Kf6 29. Rhxh7 Rxh7 30. Rxh7 Nd3 31. Kg2 Ra2 32. Ne5 Nxe5 33. dxe5+ Kg6 34. Rh4 Rxb2 35. Kg3 Re2 36. f4 d4 37. Rg4+ Kf5 38. Rg5+ Ke4 39. Rg7 d3 40. Rxf7 d2 41. Rd7 Re3+ 42. Kh4 Rd3 43. Ra7 d1=Q 44. f5 Qe1+ 45. Kg5 Qg3+ 46. Kf6 Qxe5+ 47. Kg6 Rg3+ 48. Kh7 Qxf5+ 49. Kh8 Qh5+ 0-1


[Site "https://www.chess.com"]

[Event "Titled Tuesday Blitz August 31 2021"]
[White "Eljanov, Pavel"]
[Black "Van der Werf, Mark"]
[WhiteFideId "14102951"]
[BlackFideId "1000470"]
[WhiteElo "2602"]
[BlackElo "2398"]
[Result "1-0"]
[Round "01"]
[TimeControl "180+1"]
[Date "2021.08.31"]
[WhiteClock "0:01:03"]
[BlackClock "0:00:41"]

1. c4 e6 2. d4 d5 3. Nc3 c6 4. e3 Bd6 5. Nf3 f5 6. Ne5 Nf6 7. Bd3 O-O 8. O-O Bxe5 9. dxe5 Ng4 10. f4 d4 11. Ne2 Nxe3 12. Bxe3 dxe3 13. c5 b6 14. Bc4 Ba6 15. Bxe6+ Kh8 16. Qxd8 Rxd8 17. Rfd1 Rf8 18. Nd4 bxc5 19. Nxf5 e2 20. Re1 Bd3 21. Ng3 Rxf4 22. Nxe2 Bxe2 23. Rxe2 Na6 24. Bd7 Rf7 25. Bxc6 Rc8 26. Bd5 Re7 27. a3 Nc7 28. Bc4 Ne6 29. Rf1 g6 30. Rf6 Nd4 31. Re4 Kg7 32. Ra6 Rce8 33. h4 Rxe5 34. Rxa7+ Kh6 35. Rxe5 Rxe5 36. Kh2 g5 37. hxg5+ Rxg5 38. Bd3 Rg7 39. Rxg7 Kxg7 40. a4 Nb3 41. Bc4 Na5 42. Bd5 Kf6 43. Kg3 Ke5 44. Bg8 h6 45. Kh4 Kd4 46. Kh5 Kd3 47. Kxh6 Kc2 48. g4 Kxb2 49. g5 Nc6 50. g6 Ka3 51. g7 Kb4 52. Bh7 Ne7 53. Kg5 Kxa4 54. Kf6 Nd5+ 55. Kf7 1-0


[Site "https://www.chess.com"]

[Event "Titled Tuesday Blitz August 31 2021"]
[White "Erdogdu, Mert"]
[Black "davigator"]
[WhiteFideId "6301495"]
[WhiteElo "2485"]
[BlackElo "2394"]
[Result "1-0"]
[Round "01"]
[TimeControl "180+1"]
[Date "2021.08.31"]
[WhiteClock "0:00:11"]
[BlackClock "0:00:12"]

1. e4 c5 2. Nf3 Nc6 3. d4 cxd4 4. Nxd4 Nf6 5. Nc3 d6 6. Bg5 a6 7. Qd2 e6 8. O-O-O Bd7 9. f3 Qc7 10. Kb1 Ne5 11. h4 b5 12. Bd3 Rb8 13. h5 h6 14. Be3 Nc4 15. Bxc4 Qxc4 16. b3 Qc7 17. g4 a5 18. Nce2 b4 19. Rc1 a4 20. Ng3 d5 21. e5 Ng8 22. f4 Bc5 23. Rhe1 Ne7 24. g5 hxg5 25. fxg5 Qxe5 26. Nxe6 Bxe3 27. Rxe3 Qd6 28. Nxg7+ Kf8 29. h6 d4 30. Rce1 Nd5 31. Re5 Nc3+ 32. Ka1 axb3 33. cxb3 Ra8 34. N3f5 Qa6 35. R1e2 d3 36. Rf2 Qb6 37. g6 Rxa2+ 38. Qxa2 Nxa2 39. Rxa2 Rxh6 40. Ra8+ 1-0


[Site "https://www.chess.com"]

[Event "Titled Tuesday Blitz August 31 2021"]
[White "Estrada Nieto, Julian"]
[Black "Samsonkin, Artiom"]
[WhiteFideId "5101018"]
[BlackFideId "13503111"]
[WhiteElo "2270"]
[BlackElo "2513"]
[Result "0-1"]
[Round "01"]
[TimeControl "180+1"]
[Date "2021.08.31"]
[WhiteClock "0:00:46"]
[BlackClock "0:00:50"]

1. e4 c5 2. Nf3 d6 3. Bb5+ Nd7 4. d4 cxd4 5. Qxd4 a6 6. Bxd7+ Bxd7 7. a4 e5 8. Qd3 b5 9. axb5 axb5 10. Rxa8 Qxa8 11. Nc3 Qb7 12. O-O h6 13. Be3 Nf6 14. Ra1 Be7 15. Ra7 Qc6 16. Nd5 Nxd5 17. exd5 Qc8 18. Bb6 O-O 19. Rc7 Qe8 20. Qa3 Bf5 21. c3 Be4 22. Qa7 Bd8 23. Rc8 Bxb6 0-1


[Site "https://www.chess.com"]

[Event "Titled Tuesday Blitz August 31 2021"]
[White "Eswaran, Ashritha"]
[Black "Visakh N R"]
[WhiteFideId "2080788"]
[BlackFideId "25012223"]
[WhiteElo "2426"]
[BlackElo "2428"]
[Result "0-1"]
[Round "01"]
[TimeControl "180+1"]
[Date "2021.08.31"]
[WhiteClock "0:01:05"]
[BlackClock "0:01:51"]

1. e4 e5 2. Nf3 Nc6 3. Bc4 Nf6 4. d3 h6 5. c3 d6 6. Bb3 g6 7. Nbd2 Bg7 8. O-O O-O 9. h3 Nd7 10. Nc4 Nc5 11. Bc2 f5 12. exf5 Bxf5 13. d4 Nd7 14. dxe5 Ndxe5 15. Ncxe5 Nxe5 16. Nxe5 dxe5 17. Bb3+ Kh7 18. Be3 Qh4 19. Kh2 Rad8 20. Qe1 Bd3 21. Rg1 e4 22. f4 Rxf4 23. Bxf4 Qxf4+ 24. Qg3 Qxg3+ 25. Kxg3 Be5+ 26. Kf2 Rf8+ 27. Ke3 Bf4+ 28. Kd4 Rd8+ 29. Kc5 a5 30. Rge1 Rd6 31. Bd5 b6+ 32. Kd4 c5# 0-1


[Site "https://www.chess.com"]

[Event "Titled Tuesday Blitz August 31 2021"]
[White "Federzoni, Enzo"]
[Black "Molina, Roberto Junio Brito"]
[WhiteFideId "2173301"]
[BlackFideId "2109450"]
[WhiteElo "1956"]
[BlackElo "2402"]
[Result "1-0"]
[Round "01"]
[TimeControl "180+1"]
[Date "2021.08.31"]
[WhiteClock "0:00:17"]
[BlackClock "0:00:06"]

1. c4 c6 2. d4 d5 3. cxd5 cxd5 4. Nf3 Nc6 5. Nc3 Nf6 6. e3 Bf5 7. Qb3 Na5 8. Bb5+ Bd7 9. Qa4 Nc6 10. Ne5 Qc7 11. Bd2 Nxe5 12. dxe5 Qxe5 13. Bxd7+ Nxd7 14. Nb5 Rc8 15. Bc3 Qe4 16. Qxa7 d4 17. Qxd4 Qxg2 18. O-O-O Qh3 19. Qf4 e5 20. Qa4 Qe6 21. Kb1 Bc5 22. f4 O-O 23. fxe5 Nxe5 24. Rhg1 f6 25. Nd4 Bxd4 26. exd4 Ra8 27. Qb3 Qxb3 28. axb3 Nd7 29. Rge1 Kf7 30. Bb4 Rfe8 31. Rc1 Rxe1 32. Bxe1 Re8 33. Bg3 Nb6 34. Bd6 Rd8 35. Bc7 Rxd4 36. Bxb6 Rb4 37. Rc7+ Kg6 38. Rxb7 Rxb3 39. Kc2 Rh3 40. Bc7 Kf5 41. Bg3 g5 42. b4 h5 43. b5 h4 44. Bd6 Ke6 45. Be7 Rxh2+ 46. Kd3 Rh1 47. b6 Rb1 48. Bd8 h3 49. Bc7 Rb2 50. Rb8 h2 51. Rh8 g4 52. Rxh2 Rb3+ 53. Kc4 Rb1 54. Kc3 f5 55. Rb2 Rc1+ 56. Kd2 Rc5 57. b7 Rd5+ 58. Ke2 1-0


[Site "https://www.chess.com"]